cohdb
Replays
Latest Replays
All Replays
Popular Replays
Top Player Replays
Match Explorer
How It Works
Community
CoH3 Stats
Reddit
Sign in to upload your games and track your stats! →
Sign in with Steam
Match 43144860
Unlisted
Match 43144860
Overview
Messages
Build Orders
End
Panzergrenadier Squad
Panzergrenadier Squad
Panzergrenadier Squad
Construct Light Support Kompanie
2.5-tonne Medical Truck
Selects Italian Infantry
MG34 Team
Kradschützen Motorcycle Team
Fire Support Elements
Panzerjäger Mechanized Group
Assault Grenadier Squad
Construct Panzerarmee Kommand
Panzer III L Medium Tank
Veteran Squad Leaders
qrter
austinZeroThree
RunningWithFate
Onoyk
0
0
Comments
sign in to comment!
No comments posted yet!